 Dungeon Crawl Stone Soup version 0.28.0-62-gf88900778d (webtiles) character file.

Game seed: 15059990759950284387

549 cbfl8 the Chopper (level 7, -7/82 HPs)
             Began as a Demonspawn Berserker on Apr 16, 2024.
             Was a Believer of Trog.
             Splashed by a jelly's acid (8 damage)
             ... on level 6 of the Dungeon.
             The game lasted 00:03:55 (4453 turns).

cbfl8 the Chopper (Demonspawn Berserker)            Turns: 4453, Time: 00:03:55

Health: -7/82      AC: -9    Str: 16 (17) XL:     7   Next: 7%
Magic:  7/7        EV: 12    Int:  5 (8)  God:    Trog [**....]
Gold:   106        SH:  0    Dex: 12 (15) Spells: 6/6 levels left

rFire   . . .      SeeInvis .   a - +0 hand axe
rCold   . . .      Faith    .   (no shield)
rNeg    . . .      Spirit   .   b - +0 animal skin
rPois   .          Reflect  .   (no helmet)
rElec   .          Harm     .   (no cloak)
rCorr   .          Rampage  .   (no gloves)
Will    .....                   (no boots)
Stlth   ..........              (no amulet)
HPRegen 0.23/turn               (no ring)
MPRegen 0.10/turn               (no ring)

@: berserking, corroded, very quick
A: hooves 2, powered by pain 1, weakness stinger 1
a: Renounce Religion, Berserk, Trog's Hand


You were on level 6 of the Dungeon.
You worshipped Trog.
Trog was pleased with you.
You visited 1 branch of the dungeon, and saw 4 of its levels.

You collected 106 gold pieces.

Inventory:

Hand Weapons
 a - a +0 hand axe (weapon)
Armour
 b - a +0 animal skin (worn)
Wands
 h - a wand of iceblast (3)
Scrolls
 c - 3 scrolls of teleportation
 f - a scroll of enchant weapon {unknown}
 l - a scroll of identify {unknown}
Potions
 d - a potion of brilliance
 e - a potion of berserk rage
 j - a potion of attraction
Miscellaneous
 k - a piece from Xom's chessboard (15/15)


   Skills:
 + Level 4.6 Fighting
 + Level 5.8 Axes
 + Level 1.8 Armour
 - Level 1.7 Dodging
 * Level 3.1 Evocations


You had 6 spell levels left.
You didn't know any spells.
Your spell library was empty.

Dungeon Overview and Level Annotations

Branches:
Dungeon (3/15)

Altars:
Dithmenos
Elyvilon
Fedhas
Hepliaklqana
Okawaru
Ru
Trog
Xom

Annotations:
D:6 Dowan, Duvessa


Innate Abilities, Weirdness & Mutations

You have hoof-like feet.
You sometimes gain a little power by taking damage.
You have a small tail.


Message History

The bullfrog zombie closely misses you.
You hit the bullfrog zombie. Your kick misses the bullfrog zombie.
You tail-slap the bullfrog zombie, but do no damage.
The bullfrog zombie is moderately damaged.
The bullfrog zombie hits you. x2
You hit the bullfrog zombie but do no damage.
The bullfrog zombie is moderately damaged.
The bullfrog zombie hits you.
You hit the bullfrog zombie. You kick the bullfrog zombie.
The bullfrog zombie is severely damaged.
The bullfrog zombie hits you.
You barely miss the bullfrog zombie.
You kick the bullfrog zombie, but do no damage.
The bullfrog zombie is severely damaged.
The bullfrog zombie hits you. x2
You hit the bullfrog zombie but do no damage.
You kick the bullfrog zombie.
The bullfrog zombie is severely damaged.
The bullfrog zombie hits you.
You are too injured to fight recklessly!
A red film seems to cover your vision as you go berserk!
You feel yourself moving faster!
You feel mighty! The bullfrog zombie hits you. The jelly hits you.
You are splashed with acid!
* * * LOW HITPOINT WARNING * * *
You hit the bullfrog zombie.
The bullfrog zombie is almost destroyed.
You hit the jelly. The acid corrodes you!
Your hands burn!
* * * LOW HITPOINT WARNING * * *
The bullfrog zombie hits you!
* * * LOW HITPOINT WARNING * * *
You slash the bullfrog zombie!
You feel the power of Trog in you as your rage grows.
You destroy the bullfrog zombie!
Trog accepts your kill.
You slash the jelly! The acid corrodes you!
Your hands burn!
* * * LOW HITPOINT WARNING * * *
The jelly hits you.
* * * LOW HITPOINT WARNING * * *
You are splashed with acid!
You die...

#..........#
#..........#
#..........#
#.........##
##.......##
#......######.
####............
#...............
...##...@......$
### #..J.#......
#....#......
#...........
#...........
#...... ....
#...........
#.......


You could see a jelly.

Vanquished Creatures
  A water moccasin (D:6)
  A sky beast (D:6)
  An ogre (D:6)
  A howler monkey (D:3)
  A bullfrog zombie (D:6)
  A hound (D:6)
  A jelly (D:6)
  Ijyb (D:3)
  An orc wizard (D:3)
  Robin (D:3)
  A gnoll (D:1)
  2 adders
  An ufetubus (D:6)
  2 worms
  A dart slug (D:2)
  5 orcs
  6 bats
  4 endoplasms
  2 giant cockroaches
  8 goblins (D:3)
  4 hobgoblins
  3 jackals (D:3)
  2 quokkas (D:1)
  4 ball pythons
  7 frilled lizards
  5 kobolds
  9 rats
76 creatures vanquished.

Notes
Turn   | Place    | Note
-------+----------+-------------------------------------------
     0 | D:1      | cbfl8 the Demonspawn Berserker began the quest for the Orb.
     0 | D:1      | Reached XP level 1. HP: 18/18 MP: 1/1
   174 | D:1      | Found a faded altar of an unknown god.
   506 | D:1      | Reached skill level 3 in Axes
   518 | D:1      | Discovered your monstrous ancestry.
   518 | D:1      | Gained mutation: You have large cloven feet. [demonic
                  | ancestry]
   518 | D:1      | Reached XP level 2. HP: 13/24 MP: 2/2
  1022 | D:1      | Gained mutation: You have a small tail. [demonic ancestry]
  1022 | D:1      | Reached XP level 3. HP: 28/29 MP: 3/3
  1161 | D:1      | Reached skill level 1 in Evocations
  1288 | D:1      | Reached ** piety under Trog
  2041 | D:2      | Reached XP level 4. HP: 28/37 MP: 4/4
  2464 | D:3      | Reached skill level 4 in Axes
  2668 | D:3      | Noticed Robin
  2678 | D:3      | Killed Robin
  2680 | D:3      | Gained mutation: You have hoof-like feet. [demonic
                  | ancestry]
  2680 | D:3      | Reached XP level 5. HP: 42/42 MP: 5/5
  2750 | D:3      | Noticed Ijyb
  2760 | D:3      | Killed Ijyb
  2884 | D:3      | Found a bloodstained altar of Trog.
  2884 | D:3      | Found a shadowy altar of Dithmenos.
  2884 | D:3      | Found a blossoming altar of Fedhas.
  2884 | D:3      | Found a sacrificial altar of Ru.
  2892 | D:3      | Found a hazy altar of Hepliaklqana.
  2953 | D:3      | Found an iron altar of Okawaru.
  2986 | D:3      | Found a shimmering altar of Xom.
  3396 | D:3      | You fall into a shaft and drop 3 floors!
  3456 | D:6      | Noticed a sky beast
  3471 | D:6      | Killed a sky beast
  3472 | D:6      | Reached XP level 6. HP: 48/48 MP: 6/6
  3554 | D:6      | Noticed a water moccasin
  3568 | D:6      | Killed a water moccasin
  3569 | D:6      | Reached skill level 5 in Axes
  4067 | D:6      | Noticed Dowan
  4067 | D:6      | Noticed Duvessa
  4276 | D:6      | Gained mutation: You sometimes gain a little power by
                  | taking damage. [demonic ancestry]
  4276 | D:6      | Reached XP level 7. HP: 55/55 MP: 7/7
  4453 | D:6      | HP: 4/82 [acid (4)]
  4453 | D:6      | HP: 1/82 [jelly (3)]
  4453 | D:6      | Splashed by a jelly's acid

Illustrated notes

Levels and vault maps discovered:
D:1:      dpeg_arrival_renting, layout_loops_ring,
          shapermc_ecumenical_altar_totnotflames, nicolae_wormholes
D:2:      layout_rooms, basic_altar
D:3:      layout_loops_ring, minmay_overflow_temple_hex, xom_butterflies,
          uniq_ijyb, uniq_robin
D:6:      layout_cave_pods, minmay_temple_entry_drinking_statues, uniq_duvessa

Skill      XL: |  1  2  3  4  5  6 |
---------------+-------------------+-----
Axes           | 3 4 5 |  5.8
Evocations     | 1 2 3 |  3.1
Fighting       | 4 |  4.6
Armour         | |  1.8
Dodging        | |  1.7

Action                   |  1- 3 |  4- 6 |  7- 9 || total
-------------------------+-------+-------+-------++-------
Melee: Hand axe          |    87 |    90 |     9 ||   186
       Punch             |     1 |     1 |       ||     2
       Kick              |    21 |    21 |     5 ||    47
       Tailslap          |     5 |     8 |     2 ||    15
Invok: Berserk           |     1 |     4 |     1 ||     6
  Use: Potion            |       |     5 |       ||     5
       Scroll            |       |     2 |       ||     2
 Stab: Sleeping          |     2 |       |       ||     2
Armor: Animal skin       |    15 |    12 |       ||    27
Dodge: Dodged            |    72 |    62 |     1 ||   135
